Workbook

Sheet Como usar
B1: Planilha de fechamento do mês pro Carnê-Leão
B2: Organiza o mês pro Carnê-Leão. Você só digita nas abas Atendimentos e Despesas (células amarelas). O resto é automático.
B4: 1. Apague as linhas de EXEMPLO nas abas Atendimentos e Despesas: selecione as células e aperte Delete.
B5: 2. Atendimentos: um pagamento por linha. Emita o recibo Receita Saúde na hora do pagamento e marque S. CPF do beneficiário só se quem pagou não for o paciente.
B6: 3. Despesas: lance os gastos do consultório e marque se tem comprovante. Só entram as despesas com comprovante.
B7: 4. Resumo: escolha o mês e leve os números pro Carnê-Leão Web (ou pro seu contador). O pagamento vence no último dia útil do mês seguinte.
B9: Não substitui seu contador nem o lançamento no Carnê-Leão Web.
B11: Saiba mais na Receita Federal: o que entra no livro-caixa (gov.br/receitafederal › Carnê-Leão › Deduções) e Receita Saúde (perguntas e respostas). Links abaixo.
B12: https://www.gov.br/receitafederal/pt-br/assuntos/meu-imposto-de-renda/pagamento/carne-leao/deducoes
B13: https://www.gov.br/receitafederal/pt-br/assuntos/orientacao-tributaria/auditoria-fiscal/conformidade/perguntas-e-respostas-receita-saude

Sheet Atendimentos
A1: Atendimentos
A2: Um pagamento por linha. Digite só nas células amarelas. CPF do beneficiário só se quem pagou não for o paciente.
A3: Data do pagamento | B3: Paciente (iniciais) | C3: CPF do pagador | D3: Valor | E3: Forma de pagamento | F3: Recibo emitido (S/N) | G3: CPF do beneficiário (opcional)
A4: 46293 | B4: EXEMPLO A.B. | C4: 111.111.111-11 | D4: 200 | E4: Dinheiro | F4: S | J4: =IF(ISNUMBER(A4),MONTH(A4),"") -> 9 | K4: =IF(ISNUMBER(A4),YEAR(A4),"") -> 2026 | L4: =IF(AND(ISNUMBER(A4),F4<>"S"),1,0) -> 0
A5: 46300 | B5: EXEMPLO A.B. | C5: 111.111.111-11 | D5: 200 | E5: Pix | F5: S | J5: =IF(ISNUMBER(A5),MONTH(A5),"") -> 10 | K5: =IF(ISNUMBER(A5),YEAR(A5),"") -> 2026 | L5: =IF(AND(ISNUMBER(A5),F5<>"S"),1,0) -> 0
A6: 46302 | B6: EXEMPLO C.D. | C6: 222.222.222-22 | D6: 180 | E6: Transferência | F6: S | G6: 333.333.333-33 | J6: =IF(ISNUMBER(A6),MONTH(A6),"") -> 10 | K6: =IF(ISNUMBER(A6),YEAR(A6),"") -> 2026 | L6: =IF(AND(ISNUMBER(A6),F6<>"S"),1,0) -> 0
A7: 46309 | B7: EXEMPLO E.F. | C7: 444.444.444-44 | D7: 200 | E7: Cartão | F7: N | J7: =IF(ISNUMBER(A7),MONTH(A7),"") -> 10 | K7: =IF(ISNUMBER(A7),YEAR(A7),"") -> 2026 | L7: =IF(AND(ISNUMBER(A7),F7<>"S"),1,0) -> 1
J8: =IF(ISNUMBER(A8),MONTH(A8),"") | K8: =IF(ISNUMBER(A8),YEAR(A8),"") | L8: =IF(AND(ISNUMBER(A8),F8<>"S"),1,0) -> 0
J9: =IF(ISNUMBER(A9),MONTH(A9),"") | K9: =IF(ISNUMBER(A9),YEAR(A9),"") | L9: =IF(AND(ISNUMBER(A9),F9<>"S"),1,0) -> 0
J10: =IF(ISNUMBER(A10),MONTH(A10),"") | K10: =IF(ISNUMBER(A10),YEAR(A10),"") | L10: =IF(AND(ISNUMBER(A10),F10<>"S"),1,0) -> 0
J11: =IF(ISNUMBER(A11),MONTH(A11),"") | K11: =IF(ISNUMBER(A11),YEAR(A11),"") | L11: =IF(AND(ISNUMBER(A11),F11<>"S"),1,0) -> 0
J12: =IF(ISNUMBER(A12),MONTH(A12),"") | K12: =IF(ISNUMBER(A12),YEAR(A12),"") | L12: =IF(AND(ISNUMBER(A12),F12<>"S"),1,0) -> 0
J13: =IF(ISNUMBER(A13),MONTH(A13),"") | K13: =IF(ISNUMBER(A13),YEAR(A13),"") | L13: =IF(AND(ISNUMBER(A13),F13<>"S"),1,0) -> 0
J14: =IF(ISNUMBER(A14),MONTH(A14),"") | K14: =IF(ISNUMBER(A14),YEAR(A14),"") | L14: =IF(AND(ISNUMBER(A14),F14<>"S"),1,0) -> 0
J15: =IF(ISNUMBER(A15),MONTH(A15),"") | K15: =IF(ISNUMBER(A15),YEAR(A15),"") | L15: =IF(AND(ISNUMBER(A15),F15<>"S"),1,0) -> 0
J16: =IF(ISNUMBER(A16),MONTH(A16),"") | K16: =IF(ISNUMBER(A16),YEAR(A16),"") | L16: =IF(AND(ISNUMBER(A16),F16<>"S"),1,0) -> 0
J17: =IF(ISNUMBER(A17),MONTH(A17),"") | K17: =IF(ISNUMBER(A17),YEAR(A17),"") | L17: =IF(AND(ISNUMBER(A17),F17<>"S"),1,0) -> 0
J18: =IF(ISNUMBER(A18),MONTH(A18),"") | K18: =IF(ISNUMBER(A18),YEAR(A18),"") | L18: =IF(AND(ISNUMBER(A18),F18<>"S"),1,0) -> 0
J19: =IF(ISNUMBER(A19),MONTH(A19),"") | K19: =IF(ISNUMBER(A19),YEAR(A19),"") | L19: =IF(AND(ISNUMBER(A19),F19<>"S"),1,0) -> 0
... J303: =IF(ISNUMBER(A303),MONTH(A303),"") | K303: =IF(ISNUMBER(A303),YEAR(A303),"") | L303: =IF(AND(ISNUMBER(A303),F303<>"S"),1,0) -> 0

Sheet Despesas
A1: Despesas do consultório (livro-caixa)
A2: Digite só nas células amarelas. Só entram no Resumo as despesas com comprovante = S.
A3: Data do pagamento | B3: Descrição | C3: Categoria | D3: Valor | E3: Tem comprovante (S/N)
A4: 46266 | B4: EXEMPLO aluguel da sala por turno (set.) | C4: Aluguel da sala | D4: 300 | E4: S | G4: =IF(ISNUMBER(A4),MONTH(A4),"") -> 9 | H4: =IF(ISNUMBER(A4),YEAR(A4),"") -> 2026 | I4: =IF(AND(ISNUMBER(D4),E4="S"),D4,0) -> 300 | Z4: Aluguel da sala
A5: 46296 | B5: EXEMPLO aluguel da sala por turno (out.) | C5: Aluguel da sala | D5: 300 | E5: S | G5: =IF(ISNUMBER(A5),MONTH(A5),"") -> 10 | H5: =IF(ISNUMBER(A5),YEAR(A5),"") -> 2026 | I5: =IF(AND(ISNUMBER(D5),E5="S"),D5,0) -> 300 | Z5: Água, luz e telefone
A6: 46305 | B6: EXEMPLO anuidade do conselho (parcela) | C6: Conselho, sindicato e associações | D6: 60 | E6: S | G6: =IF(ISNUMBER(A6),MONTH(A6),"") -> 10 | H6: =IF(ISNUMBER(A6),YEAR(A6),"") -> 2026 | I6: =IF(AND(ISNUMBER(D6),E6="S"),D6,0) -> 60 | Z6: Material de expediente ou consumo
A7: 46310 | B7: EXEMPLO material de escritório | C7: Material de expediente ou consumo | D7: 45 | E7: N | G7: =IF(ISNUMBER(A7),MONTH(A7),"") -> 10 | H7: =IF(ISNUMBER(A7),YEAR(A7),"") -> 2026 | I7: =IF(AND(ISNUMBER(D7),E7="S"),D7,0) -> 0 | Z7: Empregados e encargos
G8: =IF(ISNUMBER(A8),MONTH(A8),"") | H8: =IF(ISNUMBER(A8),YEAR(A8),"") | I8: =IF(AND(ISNUMBER(D8),E8="S"),D8,0) -> 0 | Z8: Pagamentos a terceiros sem vínculo (custeio)
G9: =IF(ISNUMBER(A9),MONTH(A9),"") | H9: =IF(ISNUMBER(A9),YEAR(A9),"") | I9: =IF(AND(ISNUMBER(D9),E9="S"),D9,0) -> 0 | Z9: Conselho, sindicato e associações
G10: =IF(ISNUMBER(A10),MONTH(A10),"") | H10: =IF(ISNUMBER(A10),YEAR(A10),"") | I10: =IF(AND(ISNUMBER(D10),E10="S"),D10,0) -> 0 | Z10: Publicações profissionais
G11: =IF(ISNUMBER(A11),MONTH(A11),"") | H11: =IF(ISNUMBER(A11),YEAR(A11),"") | I11: =IF(AND(ISNUMBER(D11),E11="S"),D11,0) -> 0 | Z11: Congressos e seminários
G12: =IF(ISNUMBER(A12),MONTH(A12),"") | H12: =IF(ISNUMBER(A12),YEAR(A12),"") | I12: =IF(AND(ISNUMBER(D12),E12="S"),D12,0) -> 0 | Z12: Propaganda
G13: =IF(ISNUMBER(A13),MONTH(A13),"") | H13: =IF(ISNUMBER(A13),YEAR(A13),"") | I13: =IF(AND(ISNUMBER(D13),E13="S"),D13,0) -> 0 | Z13: Imóvel residencial-profissional (1/5)
G14: =IF(ISNUMBER(A14),MONTH(A14),"") | H14: =IF(ISNUMBER(A14),YEAR(A14),"") | I14: =IF(AND(ISNUMBER(D14),E14="S"),D14,0) -> 0 | Z14: Outras despesas de custeio
G15: =IF(ISNUMBER(A15),MONTH(A15),"") | H15: =IF(ISNUMBER(A15),YEAR(A15),"") | I15: =IF(AND(ISNUMBER(D15),E15="S"),D15,0) -> 0
G16: =IF(ISNUMBER(A16),MONTH(A16),"") | H16: =IF(ISNUMBER(A16),YEAR(A16),"") | I16: =IF(AND(ISNUMBER(D16),E16="S"),D16,0) -> 0
G17: =IF(ISNUMBER(A17),MONTH(A17),"") | H17: =IF(ISNUMBER(A17),YEAR(A17),"") | I17: =IF(AND(ISNUMBER(D17),E17="S"),D17,0) -> 0
G18: =IF(ISNUMBER(A18),MONTH(A18),"") | H18: =IF(ISNUMBER(A18),YEAR(A18),"") | I18: =IF(AND(ISNUMBER(D18),E18="S"),D18,0) -> 0
G19: =IF(ISNUMBER(A19),MONTH(A19),"") | H19: =IF(ISNUMBER(A19),YEAR(A19),"") | I19: =IF(AND(ISNUMBER(D19),E19="S"),D19,0) -> 0
G20: =IF(ISNUMBER(A20),MONTH(A20),"") | H20: =IF(ISNUMBER(A20),YEAR(A20),"") | I20: =IF(AND(ISNUMBER(D20),E20="S"),D20,0) -> 0
G21: =IF(ISNUMBER(A21),MONTH(A21),"") | H21: =IF(ISNUMBER(A21),YEAR(A21),"") | I21: =IF(AND(ISNUMBER(D21),E21="S"),D21,0) -> 0
G22: =IF(ISNUMBER(A22),MONTH(A22),"") | H22: =IF(ISNUMBER(A22),YEAR(A22),"") | I22: =IF(AND(ISNUMBER(D22),E22="S"),D22,0) -> 0
G23: =IF(ISNUMBER(A23),MONTH(A23),"") | H23: =IF(ISNUMBER(A23),YEAR(A23),"") | I23: =IF(AND(ISNUMBER(D23),E23="S"),D23,0) -> 0
G24: =IF(ISNUMBER(A24),MONTH(A24),"") | H24: =IF(ISNUMBER(A24),YEAR(A24),"") | I24: =IF(AND(ISNUMBER(D24),E24="S"),D24,0) -> 0
G25: =IF(ISNUMBER(A25),MONTH(A25),"") | H25: =IF(ISNUMBER(A25),YEAR(A25),"") | I25: =IF(AND(ISNUMBER(D25),E25="S"),D25,0) -> 0
G26: =IF(ISNUMBER(A26),MONTH(A26),"") | H26: =IF(ISNUMBER(A26),YEAR(A26),"") | I26: =IF(AND(ISNUMBER(D26),E26="S"),D26,0) -> 0
... G303: =IF(ISNUMBER(A303),MONTH(A303),"") | H303: =IF(ISNUMBER(A303),YEAR(A303),"") | I303: =IF(AND(ISNUMBER(D303),E303="S"),D303,0) -> 0

Sheet Resumo
A1: Resumo do mês pro Carnê-Leão
A2: Organiza o mês pro Carnê-Leão. Não substitui seu contador nem o lançamento no Carnê-Leão Web.
A4: Mês: | B4: Outubro | C4: Ano: | D4: =IF(COUNT(Atendimentos!$A$4:$A$303)=0,YEAR(TODAY()),YEAR(MAX(Atendimentos!$A$4:$A$303))) -> 2026 | E4: ← escolha o mês. O ano vem do último atendimento lançado. | H4: =MATCH($B$4,{"Janeiro","Fevereiro","Março","Abril","Maio","Junho","Julho","Agosto","Setembro","Outubro","Novembro","Dezembro"},0) -> 10
A6: Recebido no mês | C6: Livro-caixa usado | E6: Base organizada | G6: Recibos pendentes | H6: Vencimento (aprox.)
A7: =INDEX($B$13:$B$24,$H$4) -> 580 | C7: =INDEX($F$13:$F$24,$H$4) -> 460 | E7: =INDEX($H$13:$H$24,$H$4) -> 120 | G7: =INDEX($C$13:$C$24,$H$4) -> 1 | H7: =WORKDAY(EOMONTH(DATE($D$4,$H$4,1),1)+1,-1) -> 46356
A9: Despesas com comprovante: | C9: =INDEX($D$13:$D$24,$H$4) -> 360 | D9: Sobra de meses anteriores: | E9: =INDEX($E$13:$E$24,$H$4) -> 100 | F9: Sem comprovante (não entra): | H9: =SUMIFS(Despesas!$D$4:$D$303,Despesas!$G$4:$G$303,$H$4,Despesas!$H$4:$H$303,$D$4)-INDEX($D$13:$D$24,$H$4) -> 45
A11: Ano mês a mês
A12: Mês | B12: Recebido de pessoas físicas | C12: Recibos pendentes | D12: Despesas com comprovante | E12: Sobra do mês anterior | F12: Livro-caixa usado (até o recebido) | G12: Sobra pro mês seguinte | H12: Base organizada
A13: Janeiro | B13: =SUMIFS(Atendimentos!$D$4:$D$303,Atendimentos!$J$4:$J$303,1,Atendimentos!$K$4:$K$303,$D$4) -> 0 | C13: =SUMIFS(Atendimentos!$L$4:$L$303,Atendimentos!$J$4:$J$303,1,Atendimentos!$K$4:$K$303,$D$4) -> 0 | D13: =SUMIFS(Despesas!$I$4:$I$303,Despesas!$G$4:$G$303,1,Despesas!$H$4:$H$303,$D$4) -> 0 | E13: 0 | F13: =MIN(B13,D13+E13) -> 0 | G13: =D13+E13-F13 -> 0 | H13: =B13-F13 -> 0
A14: Fevereiro | B14: =SUMIFS(Atendimentos!$D$4:$D$303,Atendimentos!$J$4:$J$303,2,Atendimentos!$K$4:$K$303,$D$4) -> 0 | C14: =SUMIFS(Atendimentos!$L$4:$L$303,Atendimentos!$J$4:$J$303,2,Atendimentos!$K$4:$K$303,$D$4) -> 0 | D14: =SUMIFS(Despesas!$I$4:$I$303,Despesas!$G$4:$G$303,2,Despesas!$H$4:$H$303,$D$4) -> 0 | E14: =G13 -> 0 | F14: =MIN(B14,D14+E14) -> 0 | G14: =D14+E14-F14 -> 0 | H14: =B14-F14 -> 0
A15: Março | B15: =SUMIFS(Atendimentos!$D$4:$D$303,Atendimentos!$J$4:$J$303,3,Atendimentos!$K$4:$K$303,$D$4) -> 0 | C15: =SUMIFS(Atendimentos!$L$4:$L$303,Atendimentos!$J$4:$J$303,3,Atendimentos!$K$4:$K$303,$D$4) -> 0 | D15: =SUMIFS(Despesas!$I$4:$I$303,Despesas!$G$4:$G$303,3,Despesas!$H$4:$H$303,$D$4) -> 0 | E15: =G14 -> 0 | F15: =MIN(B15,D15+E15) -> 0 | G15: =D15+E15-F15 -> 0 | H15: =B15-F15 -> 0
A16: Abril | B16: =SUMIFS(Atendimentos!$D$4:$D$303,Atendimentos!$J$4:$J$303,4,Atendimentos!$K$4:$K$303,$D$4) -> 0 | C16: =SUMIFS(Atendimentos!$L$4:$L$303,Atendimentos!$J$4:$J$303,4,Atendimentos!$K$4:$K$303,$D$4) -> 0 | D16: =SUMIFS(Despesas!$I$4:$I$303,Despesas!$G$4:$G$303,4,Despesas!$H$4:$H$303,$D$4) -> 0 | E16: =G15 -> 0 | F16: =MIN(B16,D16+E16) -> 0 | G16: =D16+E16-F16 -> 0 | H16: =B16-F16 -> 0
A17: Maio | B17: =SUMIFS(Atendimentos!$D$4:$D$303,Atendimentos!$J$4:$J$303,5,Atendimentos!$K$4:$K$303,$D$4) -> 0 | C17: =SUMIFS(Atendimentos!$L$4:$L$303,Atendimentos!$J$4:$J$303,5,Atendimentos!$K$4:$K$303,$D$4) -> 0 | D17: =SUMIFS(Despesas!$I$4:$I$303,Despesas!$G$4:$G$303,5,Despesas!$H$4:$H$303,$D$4) -> 0 | E17: =G16 -> 0 | F17: =MIN(B17,D17+E17) -> 0 | G17: =D17+E17-F17 -> 0 | H17: =B17-F17 -> 0
A18: Junho | B18: =SUMIFS(Atendimentos!$D$4:$D$303,Atendimentos!$J$4:$J$303,6,Atendimentos!$K$4:$K$303,$D$4) -> 0 | C18: =SUMIFS(Atendimentos!$L$4:$L$303,Atendimentos!$J$4:$J$303,6,Atendimentos!$K$4:$K$303,$D$4) -> 0 | D18: =SUMIFS(Despesas!$I$4:$I$303,Despesas!$G$4:$G$303,6,Despesas!$H$4:$H$303,$D$4) -> 0 | E18: =G17 -> 0 | F18: =MIN(B18,D18+E18) -> 0 | G18: =D18+E18-F18 -> 0 | H18: =B18-F18 -> 0
A19: Julho | B19: =SUMIFS(Atendimentos!$D$4:$D$303,Atendimentos!$J$4:$J$303,7,Atendimentos!$K$4:$K$303,$D$4) -> 0 | C19: =SUMIFS(Atendimentos!$L$4:$L$303,Atendimentos!$J$4:$J$303,7,Atendimentos!$K$4:$K$303,$D$4) -> 0 | D19: =SUMIFS(Despesas!$I$4:$I$303,Despesas!$G$4:$G$303,7,Despesas!$H$4:$H$303,$D$4) -> 0 | E19: =G18 -> 0 | F19: =MIN(B19,D19+E19) -> 0 | G19: =D19+E19-F19 -> 0 | H19: =B19-F19 -> 0
A20: Agosto | B20: =SUMIFS(Atendimentos!$D$4:$D$303,Atendimentos!$J$4:$J$303,8,Atendimentos!$K$4:$K$303,$D$4) -> 0 | C20: =SUMIFS(Atendimentos!$L$4:$L$303,Atendimentos!$J$4:$J$303,8,Atendimentos!$K$4:$K$303,$D$4) -> 0 | D20: =SUMIFS(Despesas!$I$4:$I$303,Despesas!$G$4:$G$303,8,Despesas!$H$4:$H$303,$D$4) -> 0 | E20: =G19 -> 0 | F20: =MIN(B20,D20+E20) -> 0 | G20: =D20+E20-F20 -> 0 | H20: =B20-F20 -> 0
A21: Setembro | B21: =SUMIFS(Atendimentos!$D$4:$D$303,Atendimentos!$J$4:$J$303,9,Atendimentos!$K$4:$K$303,$D$4) -> 200 | C21: =SUMIFS(Atendimentos!$L$4:$L$303,Atendimentos!$J$4:$J$303,9,Atendimentos!$K$4:$K$303,$D$4) -> 0 | D21: =SUMIFS(Despesas!$I$4:$I$303,Despesas!$G$4:$G$303,9,Despesas!$H$4:$H$303,$D$4) -> 300 | E21: =G20 -> 0 | F21: =MIN(B21,D21+E21) -> 200 | G21: =D21+E21-F21 -> 100 | H21: =B21-F21 -> 0
A22: Outubro | B22: =SUMIFS(Atendimentos!$D$4:$D$303,Atendimentos!$J$4:$J$303,10,Atendimentos!$K$4:$K$303,$D$4) -> 580 | C22: =SUMIFS(Atendimentos!$L$4:$L$303,Atendimentos!$J$4:$J$303,10,Atendimentos!$K$4:$K$303,$D$4) -> 1 | D22: =SUMIFS(Despesas!$I$4:$I$303,Despesas!$G$4:$G$303,10,Despesas!$H$4:$H$303,$D$4) -> 360 | E22: =G21 -> 100 | F22: =MIN(B22,D22+E22) -> 460 | G22: =D22+E22-F22 -> 0 | H22: =B22-F22 -> 120
A23: Novembro | B23: =SUMIFS(Atendimentos!$D$4:$D$303,Atendimentos!$J$4:$J$303,11,Atendimentos!$K$4:$K$303,$D$4) -> 0 | C23: =SUMIFS(Atendimentos!$L$4:$L$303,Atendimentos!$J$4:$J$303,11,Atendimentos!$K$4:$K$303,$D$4) -> 0 | D23: =SUMIFS(Despesas!$I$4:$I$303,Despesas!$G$4:$G$303,11,Despesas!$H$4:$H$303,$D$4) -> 0 | E23: =G22 -> 0 | F23: =MIN(B23,D23+E23) -> 0 | G23: =D23+E23-F23 -> 0 | H23: =B23-F23 -> 0
A24: Dezembro | B24: =SUMIFS(Atendimentos!$D$4:$D$303,Atendimentos!$J$4:$J$303,12,Atendimentos!$K$4:$K$303,$D$4) -> 0 | C24: =SUMIFS(Atendimentos!$L$4:$L$303,Atendimentos!$J$4:$J$303,12,Atendimentos!$K$4:$K$303,$D$4) -> 0 | D24: =SUMIFS(Despesas!$I$4:$I$303,Despesas!$G$4:$G$303,12,Despesas!$H$4:$H$303,$D$4) -> 0 | E24: =G23 -> 0 | F24: =MIN(B24,D24+E24) -> 0 | G24: =D24+E24-F24 -> 0 | H24: =B24-F24 -> 0
A25: Total do ano | B25: =SUM(B13:B24) -> 780 | C25: =SUM(C13:C24) -> 1 | D25: =SUM(D13:D24) -> 660 | F25: =SUM(F13:F24) -> 660 | H25: =SUM(H13:H24) -> 120
A27: Base organizada = recebido de pessoas físicas − livro-caixa usado. Despesa que passa do recebido vira sobra pro mês seguinte, até dezembro. INSS e dependentes você informa direto no Carnê-Leão Web. Vencimento não considera feriados.
